 Dungeon Crawl Stone Soup version 0.30-a0-34-gbe8da3892a (webtiles) character file.

Game seed: 17987581316903276004

607 nono the Trooper (level 7, -1/65 HPs)
             Began as a Palentonga Fighter on Aug 27, 2022.
             Slain by a scorpion (4 damage)
             ... on level 4 of the Dungeon.
             The game lasted 00:06:35 (3160 turns).

nono the Trooper (Palentonga Fighter)               Turns: 3160, Time: 00:06:35

Health: -1/65      AC: 16    Str: 23    XL:     7   Next: 19%
Magic:  7/7        EV:  7    Int:  9    God:
Gold:   146        SH:  0    Dex:  9    Spells: 6/6 levels left

rFire   . . .      SeeInvis +    q - +1 great mace (protect)
rCold   . . .      Faith    .    (shield currently unavailable)
rNeg    . . .      Spirit   .    r - +0 chain mail
rPois   .          Reflect  .    (no helmet)
rElec   .          Harm     .    (no cloak)
rCorr   +          Rampage  .    (no gloves)
Will    .....                    (no barding)
Stlth   ..........               (no amulet)
HPRegen 0.20/turn                p - ring of resist corrosion
MPRegen 0.10/turn                (no ring)

@: attractive, flying, curled up
A: large, rugged brown scales 3, see invisible, deformed body, roll 1, armoured
tail, reflexive curl
a: Rolling Charge


You were on level 4 of the Dungeon.
You visited 1 branch of the dungeon, and saw 4 of its levels.

You collected 146 gold pieces.

Inventory:

Hand Weapons
 a - a +0 flail
 q - a +1 great mace of protection (weapon)
Missiles
 t - a throwing net
Armour
 b - a +0 scale mail
 c - a +0 buckler
 r - a +0 chain mail (worn)
 v - a +0 plate armour
Jewellery
 g - an amulet of magic regeneration
 p - a ring of resist corrosion (left hand)
Wands
 o - a wand of iceblast (25)
Scrolls
 f - 4 scrolls of identify {unknown}
 k - 2 scrolls of acquirement {unknown}
 l - a scroll of silence {unknown}
 m - a scroll of noise {unknown}
 n - a scroll of poison {unknown}
 s - a scroll of fog {unknown}
Potions
 d - a potion of might
 i - a potion of attraction


   Skills:
 + Level 7.6 Fighting
 + Level 7.2 Maces & Flails
 + Level 6.3 Armour
 + Level 5.5 Dodging
 - Level 3.1 Shields


You had 6 spell levels left.
You didn't know any spells.
Your spell library contained the following spells:

 Spells                   Type           Power      Damage    Failure   Level
 Apportation              Tloc           0%         N/A       95%         1
 Necrotise                Necr           0%         1d4       95%         1
 Slow                     Hex            0%         N/A       95%         1
 Summon Small Mammal      Summ           0%         N/A       95%         1
 Confusing Touch          Hex            0%         N/A       100%        3
 Vampiric Draining        Necr           0%         2d6       100%        3


Dungeon Overview and Level Annotations

Branches:
Dungeon (4/15)
 Temple: D:4-7

Altars:


Innate Abilities, Weirdness & Mutations

You are completely covered in rugged brown scales. (AC +3, +7% HP)
You have supernaturally acute eyesight. (SInv)
Armour fits poorly on your strangely shaped body.
You can roll at nearby foes to attack.
You have a long armoured tail.
You curl defensively after being hit. (AC +7*)


Message History

* * * LOW HITPOINT WARNING * * *
The orc hits you but does no damage.
The scorpion stings you but does no damage.
The orc closely misses you. The scorpion closely misses you.
You closely miss the scorpion.
The scorpion is heavily wounded.
The scorpion stings you but does no damage.
The orc hits you but does no damage. x2; The scorpion stings you.
* * * LOW HITPOINT WARNING * * *
Unknown command.
You feel better. The orc hits you with a +0 flail.
* * * LOW HITPOINT WARNING * * *
The orc hits you with a +0 short sword.
* * * LOW HITPOINT WARNING * * *
The scorpion barely misses you.
It was a potion of attraction.
You feel attractive to monsters. The orc barely misses you.
The orc hits you but does no damage. The scorpion stings you.
* * * LOW HITPOINT WARNING * * *
Okay, then.
Okay, then.
It was a potion of flight.
You feel very buoyant.
You fly up into the air.
The orc hits you but does no damage. x2
The scorpion stings you.
* * * LOW HITPOINT WARNING * * *
It was a potion of experience.
You feel more experienced!
Your Fighting skill gained 3 levels and is now at level 7!
Your Maces & Flails skill gained 4 levels and is now at level 7!
Your Armour skill gained 3 levels and is now at level 6!
Your Dodging skill gained 4 levels and is now at level 5!
You have reached level 7!
You now curl defensively after being hit.
The orc hits you but does no damage. The orc barely misses you.
The scorpion stings you but does no damage.
It was a potion of magic.
Magic courses through your body. The scorpion stings you.
You die...

..... ........
.....? ...#.#.##
...... .........
#.....##..#.#.#
#..#..........
#...........
#.....so.# #
#@o.# # #.#...#
#.#
#.##.#...#.#.#..
.........#......
#.##.#.....#.#
#.#...#.#.##.
#.#...........
#.#...#.#.##.
#..........!.


You could see a scorpion and 2 orcs.

Vanquished Creatures
  A water moccasin (D:3)
  Jessica (D:3)
  2 orc wizards
  4 adders
  3 worms
  A dart slug (D:3)
  4 orcs
  16 ball pythons
  5 endoplasms
  2 giant cockroaches (D:1)
  5 goblins
  3 hobgoblins
  6 jackals
  7 quokkas
  4 bats
  2 frilled lizards
  4 kobolds
  12 rats
82 creatures vanquished.

Notes
Turn   | Place    | Note
-------+----------+-------------------------------------------
     0 | D:1      | nono the Palentonga Fighter began the quest for the Orb.
     0 | D:1      | Reached XP level 1. HP: 19/19 MP: 1/1
   349 | D:1      | Found a faded altar of an unknown god.
   361 | D:1      | Reached XP level 2. HP: 17/25 MP: 2/2
  1061 | D:1      | Reached XP level 3. HP: 29/31 MP: 3/3
  1964 | D:2      | Reached XP level 4. HP: 37/38 MP: 4/4
  2506 | D:3      | Noticed Jessica
  2512 | D:3      | Killed Jessica
  2513 | D:3      | Reached skill level 1 in Dodging
  2524 | D:3      | Reached XP level 5. HP: 43/44 MP: 5/5
  2563 | D:3      | Noticed a water moccasin
  2578 | D:3      | Killed a water moccasin
  2831 | D:3      | Reached XP level 6. HP: 50/51 MP: 6/6
  3158 | D:4      | HP: 2/52 [scorpion (3)]
  3159 | D:4      | Reached skill level 5 in Dodging
  3159 | D:4      | Gained mutation: You curl defensively after being hit. (AC
                  | +7*) [Palentonga growth]
  3159 | D:4      | Reached XP level 7. HP: 3/65 MP: 7/7
  3160 | D:4      | Slain by a scorpion

Illustrated notes

Levels and vault maps discovered:
D:1:      psy_arrival_radial02, layout_loops_ring,
          dreamdust_ecumenical_altar_grove, minmay_shallow_snake_nest
D:2:      layout_loops_cross
D:3:      layout_rooms, uniq_jessica
D:4:      layout_basic, minmay_temple_entry_hall, serial_shops, shop

Skill      XL: |  1  2  3  4  5  6 |
---------------+-------------------+-----
Shields        | 3 |  3.1
Armour         | 3 6 |  6.3
Maces & Flails | 3 7 |  7.2
Dodging        | 1 5 |  5.5
Fighting       | 4 7 |  7.6

Action                   |  1- 3 |  4- 6 |  7- 9 || total
-------------------------+-------+-------+-------++-------
Melee: Flail             |   152 |       |       ||   152
       Tailslap          |     7 |     8 |       ||    15
       Great mace        |    10 |   102 |       ||   112
  Use: Potion            |       |     8 |     1 ||     9
Armor: Scale mail        |    96 |     3 |       ||    99
       Chain mail        |       |    99 |     2 ||   101
Dodge: Dodged            |    72 |    49 |     1 ||   122
Block: Buckler           |    27 |       |       ||    27

Table legend: (Time is in decaauts)
 A = Elapsed time spent in this place.
 B = Non-inter-level travel time spent in this place.
 C = Inter-level travel time spent in this place.
 D = Time resting spent in this place.
 E = Time spent auto-exploring this place.
 F = Levels seen in this place.
 G = Mean time per level.
                   A        B        C        D        E       F      G
               +--------+--------+--------+--------+--------+-----+--------+
         Total |   3275 |   3211 |     64 |      0 |   2522 |   4 |  818.8 |
       Dungeon |   3275 |   3211 |     64 |      0 |   2522 |   4 |  818.8 |
               +--------+--------+--------+--------+--------+-----+--------+

Top non-repeatable levels by time:
     D:1: 1335 daAuts
     D:2: 965 daAuts
     D:3: 895 daAuts
     D:4: 79 daAuts
